 Dungeon Crawl Stone Soup version 0.25.0 (webtiles) character file.

Game seed: 2828063657030353064

140268 MDvedh the Severer (level 16, -12/152 HPs)
             Began as a Minotaur Berserker on June 12, 2020.
             Was the Champion of Trog.
             Mangled by a shock serpent (14 damage)
             ... on level 1 of the Snake Pit.
             The game lasted 00:47:17 (37565 turns).

MDvedh the Severer (Minotaur Berserker)            Turns: 37565, Time: 00:47:17

Health: -12/152    AC: 17    Str: 24    XL:     16   Next: 45%
Magic:  15/15      EV: 20    Int:  4    God:    Trog [******]
Gold:   918        SH:  0    Dex: 15    Spells: 15/15 levels left

rFire    + + +     SeeInvis +   a - +0 battleaxe (flame)
rCold    . . .     Gourm    .   (shield currently unavailable)
rNeg     . . .     Faith    +   Y - +2 fire dragon scales
rPois    +         Spirit   .   (helmet restricted)
rElec    .         Reflect  .   (no cloak)
rCorr    .         Harm     .   F - +0 pair of gloves
MR       +++..                  (no boots)
Stlth    ..........             k - amulet of faith
HPRegen  1.35/turn              y - ring of protection from cold
MPRegen  0.14/turn              Q - ring "Askinkuphy" {+Fly rPois rF+ SInv}

@: regenerating
A: retaliatory headbutt, horns 2
}: 1/15 runes: decaying
a: Berserk, Trog's Hand, Brothers in Arms, Renounce Religion, Evoke Flight


You were on level 1 of the Snake Pit.
You worshipped Trog.
Trog was exalted by your worship.
You were very hungry.

You visited 5 branches of the dungeon, and saw 28 of its levels.

You collected 2971 gold pieces.
You spent 2053 gold pieces at shops.

Inventory:

Hand Weapons
 a - a +0 battleaxe of flaming (weapon)
 b - the +3 battleaxe "Keleidd" {vorpal, Str+5 Stlth-}
   (Trog gifted it to you on level 14 of the Dungeon)

   It inflicts extra damage upon your enemies.
   It affects your strength (+5).
   It makes you less stealthy.
 R - a +2 broad axe of venom
Armour
 F - a +0 pair of gloves (worn)
 G - a +4 chain mail of poison resistance
 L - a scarf of harm
 Y - +2 fire dragon scales (worn)
Jewellery
 e - an uncursed ring of fire
 k - an amulet of faith (around neck)
 v - an uncursed ring of positive energy
 y - a ring of protection from cold (left hand)
 P - an uncursed ring of flight
 Q - the ring "Askinkuphy" (right hand) {+Fly rPois rF+ SInv}
   (You found it on level 6 of the Lair of Beasts)

   [ring of protection from fire]

   It protects you from fire.
   It protects you from poison.
   It lets you see invisible.
   It lets you fly.
 S - a +4 ring of evasion
 U - a +4 ring of protection
 W - the amulet "Taolid" {Reflect rF- MR+ Str+4 SH+5}
   (You found it on level 14 of the Dungeon)

   [amulet of reflection]

   It shields you and reflects attacks.
   It affects your strength (+4).
   It makes you vulnerable to fire.
   It affects your resistance to hostile enchantments.
   It affects your SH (+5).
Wands
 g - a wand of acid (14)
 h - a wand of disintegration (17)
 o - a wand of enslavement (15)
 p - a wand of paralysis (28)
 s - a wand of clouds (10)
 x - a wand of digging (6)
 D - a wand of random effects (19)
 E - a wand of flame (37)
 I - a wand of iceblast (20)
 M - a wand of polymorph (19)
Scrolls
 f - 16 scrolls of remove curse
 i - 11 scrolls of identify
 j - 2 scrolls of immolation
 n - 6 scrolls of magic mapping
 r - a scroll of enchant weapon
 w - a scroll of holy word
 H - a scroll of teleportation
 K - 2 scrolls of fear
 O - a scroll of fog
 T - 2 scrolls of blinking
Potions
 d - 2 potions of haste
 l - a potion of might
 m - 8 potions of curing
 q - a potion of ambrosia
 t - 5 potions of lignification
 u - 4 potions of stabbing
 z - 4 potions of magic
 A - 3 potions of heal wounds
 B - 6 potions of flight
 C - 4 potions of resistance
 J - a potion of invisibility
 N - 2 potions of cancellation
Comestibles
 c - 20 rations


   Skills:
 + Level 16.4 Fighting
 - Level 20.0 Axes
 + Level 16.2 Armour
 + Level 15.0 Dodging


You had 15 spell levels left.
You didn't know any spells.
Your spell library was empty.

Dungeon Overview and Level Annotations

Branches:
Dungeon (15/15)            Temple (0/1) D:7            Lair (6/6) D:8
  Swamp (4/4) Lair:2        Snake (1/4) Lair:3        Slime (0/5) Lair:5
    Orc (2/2) D:10            Elf (0/3) Orc:2        Vaults (0/5) D:14
 Depths (0/5) D:15

Altars:
Gozag
Hepliaklqana
Kikubaaqudgha
Makhleb
Qazlal
Ru
Sif Muna
Vehumet
Wu Jian
Xom
Beogh

Shops:
Orc:1 =   Orc:2 }(*[

Portals:
Hell: Lair:6

Annotations:
D:10 5 runed translucent doors
Lair:4 exclusion: 3 oklob plants


Innate Abilities, Weirdness & Mutations

You reflexively headbutt those who attack you in melee.
You have a pair of horns on your head.


Message History

The shock serpent shoots out a bolt of lightning at you!
The bolt of electricity hits you!
* * * LOW HITPOINT WARNING * * *
The bolt of electricity hits you!!
* * * LOW HITPOINT WARNING * * *
Unknown command.
You feel sick.
Unknown command.
The sentinel's mark upon you fades away.
You feel sick.
Unknown command.
You feel better. The shock serpent barely misses you.
Unknown command.
Your skin crawls.
You feel resistant to hostile enchantments.
You are feeling very hungry.
The shock serpent bites you!
* * * LOW HITPOINT WARNING * * *
The shock serpent shocks you!
You die...

. .## #.. ##.#
###..## .#
###...†.##
..N##........##
....N.....)...S##
..............##@#
.................#
.............#####
..#..........##
.#............#
..............#
..............#
..............#
..............#


You could see a shock serpent.

Vanquished Creatures
  Jorgrun (Orc:1)
  A thorn hunter (Swamp:4)
  An emperor scorpion (D:15)
  Azrael (D:14)
  A dire elephant (D:15)
  4 fire dragons
  11 hydras
  8 vault guards
  A naga warrior (Snake:1)
  An anaconda (Snake:1)
  An ice dragon (D:12)
  2 shambling mangroves (Swamp:4)
  2 two-headed ogres
  A catoblepas (D:13)
  A centaur warrior (D:14)
  13 alligators
  A death knight (D:15)
  2 tengu warriors
  A death yak (Lair:6)
  An orc high priest (Orc:2)
  Nergalle (D:10)
  A sixfirhy (Lair:6)
  2 spriggan druids (Swamp:3)
  2 unseen horrors
  A flayed ghost (D:12)
  2 lindwurms (Swamp:4)
  11 swamp dragons
  2 phantasmal warriors
  An orb spider (shapeshifter) (D:14)
  2 orc knights
  3 ugly things (D:15)
  2 orc sorcerers (Orc:2)
  2 manticores
  A deep elf mage (D:13)
  A salamander (D:15)
  A cyclops (D:11)
  13 slime creatures
  A guardian serpent (shapeshifter) (D:14)
  7 black mambas
  A molten gargoyle (Swamp:4)
  A gargoyle (D:12)
  A torpor snail (Lair:1)
  17 spiny frogs
  7 rime drakes
  2 kobold demonologists (D:14)
  An efreet (D:14)
  2 tengu conjurers
  10 komodo dragons
  3 freezing wraiths
  A hellwing (Lair:6)
  3 ice devils (Lair:6)
  A wind drake (shapeshifter) (D:14)
  9 trolls
  A polar bear (Lair:2)
  4 bog bodies
  14 hornets
  Grinder (D:4)
  5 tyrant leeches
  26 blink frogs
  9 hippogriffs
  2 dream sheep (Lair:1)
  5 shadows
  2 wraiths
  4 fire elementals (D:14)
  2 wyverns
  11 spriggans
  A vampire (D:14)
  A water elemental (D:12)
  4 steam dragons
  Grum (D:11)
  17 vampire mosquitoes
  3 basilisks
  50 yaks
  3 hungry ghosts
  5 nagas
  5 wargs
  13 swamp worms
  8 insubstantial wisps
  An acid dragon (D:15)
  Duvessa (D:5)
  10 water moccasins
  6 hell hounds
  A floating eye (Lair:4)
  2 porcupines (Lair:3)
  4 ice beasts
  11 swamp drakes
  A phantom (D:5)
  3 black bears
  28 orc warriors
  4 sky beasts
  2 necrophages
  7 ogres
  9 wolves
  2 centaurs
  9 crocodiles
  Blork the orc (D:4)
  7 big kobolds
  2 wyvern zombies
  10 bullfrogs
  A gnoll sergeant (D:8)
  Dowan (D:5)
  4 scorpions
  2 water moccasin skeletons
  18 wights
  10 killer bees
  8 electric eels
  3 howler monkeys
  9 crimson imps
  A quasit (D:9)
  3 centaur skeletons
  6 jellies
  22 orc priests
  A bullfrog skeleton (D:10)
  10 hounds
  22 orc wizards
  An iguana (D:4)
  3 worker ants
  A killer bee zombie (D:5)
  A hound zombie (D:5)
  A hound skeleton (D:9)
  A worker ant zombie (D:11)
  4 gnolls (D:8)
  12 adders
  A shadow imp (D:9)
  2 oozes (Lair:5)
  2 adder skeletons
  2 worms
  3 dart slugs
  10 leopard geckos
  92 orcs
  8 bats
  5 giant cockroaches
  3 goblins
  11 hobgoblins
  8 jackals
  4 quokkas
  A ball python (D:1)
  3 frilled lizards
  A jackal zombie (D:6)
  31 kobolds
  A leopard gecko zombie (D:5)
  3 rats
  6 fungi
  A plant (Lair:5)
831 creatures vanquished.

Vanquished Creatures (collateral kills)
  A sphinx (D:12)
  An orc warlord (Orc:2)
  3 hydras
  A shambling mangrove (Swamp:3)
  2 two-headed ogres (D:12)
  A death knight (D:13)
  A swamp dragon (Swamp:4)
  An orc knight (Orc:2)
  2 ugly things (D:12)
  An orc sorcerer (Orc:2)
  A cyclops (D:12)
  A centaur zombie (D:12)
  An orange demon (Lair:6)
  A rime drake (Lair:6)
  An efreet (D:12)
  A red devil (Lair:6)
  A tyrant leech (Swamp:4)
  A yak (Lair:2)
  A vampire mosquito (Swamp:4)
  An ice beast (D:12)
  11 orc warriors
  A swamp drake (Swamp:4)
  A crocodile (Lair:2)
  A big kobold (D:14)
  2 bullfrogs
  A crimson imp (D:12)
  5 orc priests
  3 orc wizards
  13 orcs
  2 kobolds (D:14)
64 creatures vanquished.

Vanquished Creatures (others)
  A hydra (Swamp:4)
  A wizard (Lair:6)
  A lindwurm (Swamp:4)
  A yak (Lair:5)
  3 steam dragons (Swamp:4)
  2 swamp drakes (Swamp:4)
  An orc priest (Orc:2)
  2 orcs
  16 bushes (D:8)
  8 fungi
  5 plants (Lair:6)
41 creatures vanquished.

Grand Total: 936 creatures vanquished

Notes
Turn   | Place    | Note
-------+----------+-------------------------------------------
     0 | D:1      | MDvedh the Minotaur Berserker began the quest for the Orb.
     0 | D:1      | Reached XP level 1. HP: 19/19 MP: 0/0
   251 | D:1      | Reached skill level 4 in Axes
   334 | D:1      | Reached XP level 2. HP: 23/26 MP: 1/1
  1128 | D:1      | Reached skill level 5 in Axes
  1428 | D:2      | Reached XP level 3. HP: 26/31 MP: 2/2
  1704 | D:2      | You fall into a shaft and drop 1 floor!
  1709 | D:3      | Reached ** piety under Trog
  1715 | D:3      | Found an ancient bone altar of Kikubaaqudgha.
  1749 | D:3      | Reached skill level 6 in Axes
  1749 | D:3      | Reached XP level 4. HP: 39/39 MP: 3/3
  2273 | D:3      | Reached *** piety under Trog
  2418 | D:4      | Reached skill level 7 in Axes
  2418 | D:4      | Reached XP level 5. HP: 30/45 MP: 4/4
  2578 | D:4      | Noticed Grinder
  2578 | D:4      | Paralysed by Grinder for 3 turns
  2603 | D:4      | Killed Grinder
  2603 | D:4      | Reached skill level 8 in Axes
  2603 | D:4      | Reached XP level 6. HP: 51/51 MP: 5/5
  2675 | D:4      | Noticed Blork the orc
  2684 | D:4      | Killed Blork the orc
  2684 | D:4      | Reached skill level 9 in Axes
  3513 | D:5      | Entered Level 5 of the Dungeon
  3531 | D:5      | Reached XP level 7. HP: 57/57 MP: 6/6
  3743 | D:5      | Reached skill level 10 in Axes
  3877 | D:5      | Noticed Duvessa
  3878 | D:5      | Noticed Dowan
  3886 | D:5      | Killed Duvessa
  3887 | D:5      | Killed Dowan
  3887 | D:5      | Reached skill level 11 in Axes
  4477 | D:5      | Reached XP level 8. HP: 58/64 MP: 7/7
  4924 | D:6      | Reached skill level 12 in Axes
  4942 | D:6      | Reached **** piety under Trog
  5380 | D:6      | Reached skill level 13 in Axes
  5725 | D:7      | Found a radiant altar of Vehumet.
  5861 | D:7      | Found a staircase to the Ecumenical Temple.
  5902 | D:7      | Found a hazy altar of Hepliaklqana.
  6437 | D:7      | Reached XP level 9. HP: 70/70 MP: 8/8
  6474 | D:7      | Reached skill level 14 in Axes
  7104 | D:8      | Found a shimmering blue altar of Sif Muna.
  7618 | D:8      | Reached skill level 5 in Fighting
  7650 | D:8      | Reached ***** piety under Trog
  7713 | D:8      | Found a staircase to the Lair.
  7869 | D:8      | Found an ornate altar of the Wu Jian Council.
  8067 | D:9      | Found a stormy altar of Qazlal.
  8091 | D:9      | Reached skill level 5 in Armour
  8444 | D:9      | Reached skill level 5 in Dodging
  8663 | D:9      | Reached XP level 10. HP: 46/84 MP: 9/9
  9149 | D:9      | Found an opulent altar of Gozag.
  9370 | D:10     | Entered Level 10 of the Dungeon
  9535 | D:10     | Received a gift from Trog
  9787 | D:10     | Noticed Nergalle
  9797 | D:10     | Killed Nergalle
  9880 | D:10     | Found the +9 staff of Olgreb {rPois∞}
  9887 | D:10     | Found a runed translucent gate.
  9887 | D:10     | Found a runed translucent gate.
  9888 | D:10     | Found a runed translucent door.
 10338 | D:10     | Found a staircase to the Orcish Mines.
 10565 | D:10     | Found a runed translucent gate.
 10575 | D:10     | Found a runed translucent door.
 11995 | Lair:1   | Entered Level 1 of the Lair of Beasts
 12159 | Lair:1   | Noticed a torpor snail
 12221 | Lair:1   | Killed a torpor snail
 12376 | Lair:1   | Reached XP level 11. HP: 97/97 MP: 10/10
 13063 | Lair:2   | Reached skill level 10 in Fighting
 13214 | Lair:2   | Noticed a four-headed hydra
 13232 | Lair:2   | Killed a nine-headed hydra
 13232 | Lair:2   | Reached skill level 10 in Armour
 13413 | Lair:2   | Noticed a seven-headed hydra
 13424 | Lair:2   | Killed an 11-headed hydra
 13616 | Lair:2   | Reached skill level 10 in Dodging
 13959 | Lair:2   | Reached XP level 12. HP: 110/110 MP: 11/11
 14009 | Lair:2   | Found a staircase to the Swamp.
 14767 | Lair:3   | Received a gift from Trog
 15082 | Lair:3   | Found a staircase to the Snake Pit.
 15806 | Lair:4   | Noticed a fire dragon
 15827 | Lair:4   | Killed a fire dragon
 16150 | Lair:4   | Paralysed by a floating eye for 4 turns
 16969 | Lair:4   | Identified the Reference Book on Displaced Combat Magic
 17226 | Lair:5   | Found a staircase to the Slime Pits.
 17350 | Lair:5   | Reached skill level 15 in Axes
 18438 | Lair:5   | Reached XP level 13. HP: 110/119 MP: 12/12
 18733 | Lair:6   | Entered Level 6 of the Lair of Beasts
 19571 | Lair:6   | Found a burning altar of Makhleb.
 19582 | Lair:6   | Received a gift from Trog
 19887 | Lair:6   | Found a gateway to Hell.
 19895 | Lair:6   | Got a transparent steel ring
 20982 | Orc:1    | Entered Level 1 of the Orcish Mines
 20988 | Orc:1    | Reached skill level 16 in Axes
 21045 | Orc:1    | Noticed Jorgrun
 21059 | Orc:1    | Killed Jorgrun
 21674 | Orc:1    | Found Qoprue's Jewellery Emporium.
 21680 | Orc:1    | Found a shimmering altar of Xom.
 21683 | Orc:1    | Bought a +4 ring of evasion for 648 gold pieces
 21684 | Orc:1    | Identified the ring "Askinkuphy" {+Fly rPois rF+ SInv} (You
                  | found it on level 6 of the Lair of Beasts)
 21855 | Orc:2    | Entered Level 2 of the Orcish Mines
 22368 | Orc:2    | Found a roughly hewn altar of Beogh.
 22435 | Orc:2    | Found a roughly hewn altar of Beogh.
 22607 | Orc:2    | Received a gift from Trog
 22689 | Orc:2    | Found a roughly hewn altar of Beogh.
 22705 | Orc:2    | Found Odejephodgh's Assorted Antiques.
 22711 | Orc:2    | Bought a scroll labeled GIAXODIBOE for 39 gold pieces
 22711 | Orc:2    | Identified a scroll of acquirement
 22947 | Orc:2    | Found a staircase to the Elven Halls.
 23073 | Orc:2    | Found a roughly hewn altar of Beogh.
 23073 | Orc:2    | Found Zushruj's Gadget Shoppe.
 23214 | Orc:2    | Noticed an orc warlord
 23229 | Orc:2    | Killed an orc warlord
 23426 | Orc:2    | Found Jeliom's Antique Weapon Emporium.
 23427 | Orc:2    | Found a roughly hewn altar of Beogh.
 23428 | Orc:2    | Found Hiram's Antique Armour Shoppe.
 23435 | Orc:2    | Bought a slimy scale mail for 207 gold pieces
 23435 | Orc:2    | Bought a dazzling scale mail for 207 gold pieces
 23441 | Orc:2    | Bought a glowing broad axe for 182 gold pieces
 23447 | Orc:2    | Identified the cursed +1 scale mail "Xamuc" {Regen+ Int-4
                  | Stlth+} (You bought it in a shop on level 2 of the Orcish
                  | Mines)
 23448 | Orc:2    | Identified the cursed +1 scale mail "Ophiuf" {Stlth+} (You
                  | bought it in a shop on level 2 of the Orcish Mines)
 23583 | D:11     | Received a gift from Trog
 23590 | D:11     | Reached XP level 14. HP: 121/130 MP: 13/13
 23651 | D:11     | Found a roughly hewn altar of Beogh.
 24096 | D:11     | Noticed Grum
 24118 | D:11     | Killed Grum
 24122 | D:11     | Reached skill level 17 in Axes
 24663 | D:12     | Found a roughly hewn altar of Beogh.
 24983 | D:12     | Reached ****** piety under Trog
 26178 | D:12     | Received a gift from Trog
 26186 | D:12     | Noticed a sphinx
 26190 | D:12     | Killed a sphinx
 28545 | D:14     | Reached skill level 18 in Axes
 28911 | D:14     | Found a gate to the Vaults.
 28944 | D:14     | Noticed Azrael
 28965 | D:14     | Killed Azrael
 29064 | D:14     | Reached XP level 15. HP: 81/139 MP: 14/14
 29594 | D:14     | Got a vibrating graven amulet
 29674 | D:14     | Received a gift from Trog
 30108 | D:14     | Found a sacrificial altar of Ru.
 30131 | D:14     | Got an ebony battleaxe {god gift}
 30132 | D:14     | Identified the +3 battleaxe "Keleidd" {vorpal, Str+5
                  | Stlth-} (Trog gifted it to you on level 14 of the Dungeon)
 30297 | Orc:2    | Bought a shiny plate armour for 598 gold pieces
 30323 | Orc:2    | Bought a runed chain mail for 172 gold pieces
 30504 | D:15     | Entered Level 15 of the Dungeon
 30952 | D:15     | Found a staircase to the Depths.
 30977 | D:15     | Reached skill level 15 in Fighting
 31174 | D:15     | Identified the amulet "Taolid" {Reflect rF- MR+ Str+4 SH+5}
                  | (You found it on level 14 of the Dungeon)
 31820 | Swamp:1  | Entered Level 1 of the Swamp
 31906 | Swamp:1  | Reached skill level 15 in Armour
 32027 | Swamp:1  | Reached skill level 19 in Axes
 35461 | Swamp:4  | Entered Level 4 of the Swamp
 35638 | Swamp:4  | Received a gift from Trog
 35892 | Swamp:4  | Reached XP level 16. HP: 125/150 MP: 15/15
 36025 | Swamp:4  | Noticed a thorn hunter
 36055 | Swamp:4  | Killed a thorn hunter
 36058 | Swamp:4  | Reached skill level 20 in Axes
 36241 | Swamp:4  | Got a decaying rune of Zot
 37500 | Snake:1  | Entered Level 1 of the Snake Pit
 37554 | Snake:1  | Reached skill level 15 in Dodging
 37565 | Snake:1  | HP: 2/152 [shock serpent (13)]
 37565 | Snake:1  | Mangled by a shock serpent

Illustrated notes

Levels and vault maps discovered:
D:1:      ncdulo_smallfort, layout_loops_ring, serial_forest,
          infiniplex_forest_straight_2, infiniplex_forest_end_1,
          infiniplex_forest_clump_medium, infiniplex_forest_end_2,
          infiniplex_forest_clump_diagonal, columned_hall_lemuel
D:2:      layout_basic, nicolae_overflow_hidden_temple, uniq_crazy_yiuf_cottage
D:3:      layout_rooms, kiku_gazebo_garden_becter, serial_bayou_pond_b,
          dk_noncrumbling_3
D:4:      layout_cave_pods, first_ration, uniq_blork_the_orc, uniq_grinder
D:5:      layout_basic, grunt_decor_resistance, hangedman_minor_gate_pass,
          uniq_duvessa
D:6:      layout_basic
D:7:      layout_loops_corners, lemuel_crystal_altar, temple_green, the_bakery,
          vehumet_altar_wand_db
D:8:      layout_basic, kennysheep_mini, erik_lair_island, basic_altar,
          minmay_hedge_maze
D:9:      layout_basic, nicolae_gozag_cash_rules_everything_around_me,
          nicolae_qazlal_style_of_elements, minmay_misc_feat_cross,
          kennysheep_generic_room_5
D:10:     layout_stronghold, minmay_orc_entry_guard_dogs,
          minmay_guarded_unrand_staff_of_olgreb, uniq_nergalle
D:11:     layout_rooms, special_room [special_room_orc], uniq_grum
D:12:     thingy_vault, layout_basic, special_room [special_room_orc],
          nicolae_wwwww, statue_in_the_mist_lemuel
D:13:     layout_irregular_city
D:14:     layout_long_grid, erik_vaults_2, nicolae_ru_path_of_blood,
          corner_web_ring, uniq_azrael
D:15:     hangedman_depths_entry_try_elsewhere_first, layout_irregular_city,
          minivault_27, portal_ice_cave_entry_pillars_2
Lair:1:   layout_long_grid
Lair:2:   layout_long_grid, skrybe_swamp_entry_bodies
Lair:3:   layout_regular_city, minmay_snake_entry_guardpost_small,
          lemuel_fruit_tree, infiniplex_staircase_pool_2
Lair:4:   dragon1_lemuel, layout_small_grid, disabler_island
Lair:5:   layout_cave_pods, nicolae_slime_entry_slimehenge
Lair:6:   evil_forest, layout_gridlike
Swamp:1:  layout_basic_swamp, hangedman_swamp_ruin_wall, swamp_pool2
Swamp:2:  layout_falls_marsh, hangedman_swamp_lotus
Swamp:3:  layout_falls_marsh, nicolae_swamp_treefoil, swamp_pool1,
          infiniplex_staircase_pool
Swamp:4:  swamp_fiery, layout_basic_swamp
Snake:1:  layout_layer_cave, minmay_shop_grove
Orc:1:    layout_diamond_mine, basic_altar, serial_shops, nicolae_shop_crystal,
          uniq_jorgrun
Orc:2:    grunt_orc_community_town_hall, layout_caves,
          grunt_orc_community_big_house_1, grunt_orc_community_big_house_2,
          grunt_orc_community_house_2, grunt_orc_community_house_3,
          grunt_orc_community_house_2, grunt_orc_community_house_2

Skill      XL: |  1  2  3  4  5  6  7  8  9 10 11 12 13 14 15 16 |
---------------+-------------------------------------------------+-----
Axes           | 4 5 6 7 8 9 11 13 14 15 16 18 19 20 | 20.0
Fighting       | 6 9 11 12 13 14 15 16 | 16.4
Armour         | 6 8 11 12 13 14 15 16 | 16.2
Dodging        | 5 8 10 11 12 13 14 15 | 15.0

Action                   |  1- 3 |  4- 6 |  7- 9 | 10-12 | 13-15 | 16-18 || total
-------------------------+-------+-------+-------+-------+-------+-------++-------
Melee: Hand axe          |    76 |    64 |   169 |   389 |       |       ||   698
       Headbutt          |    14 |    12 |    43 |   117 |   292 |    45 ||   523
       War axe           |       |    20 |    85 |       |       |       ||   105
       Battleaxe         |       |       |       |   137 |   625 |   169 ||   931
       Broad axe         |       |       |       |       |   483 |       ||   483
Invok: Berserk           |     2 |     3 |    13 |     9 |    10 |       ||    37
       Trog's Hand       |       |     1 |     1 |     5 |     7 |     3 ||    17
       Brothers in Arms  |       |       |       |     2 |    11 |     1 ||    14
Evoke: Wand              |       |       |       |       |     1 |       ||     1
  Use: Scroll            |       |       |       |    23 |    12 |     3 ||    38
       Potion            |       |       |       |       |     2 |     3 ||     5
  Eat: Chunk             |     1 |     8 |    18 |    30 |    24 |     2 ||    83
       Ration            |     1 |       |     3 |     5 |    14 |     1 ||    24
Armor: Chain mail        |    25 |    27 |    68 |   202 |   325 |    26 ||   673
       Animal skin       |     5 |       |       |       |       |       ||     5
       Fire dragon scale |       |       |       |       |       |    20 ||    20
Dodge: Dodged            |    43 |    35 |    82 |   277 |   919 |   152 ||  1508
